 Dungeon Crawl Stone Soup version 0.19.0-22-gd96e5fe (webtiles) character file.

443219 lorenzova the Crack Shot (level 23, -14/201 HPs)
             Began as a Centaur Hunter on Nov 18, 2016.
             Was the Champion of Okawaru.
             Killed from afar by a spellforged servitor (42 damage)
             ... with an iron shot
             ... summoned by Frederick
             ... on level 3 of the Vaults on Nov 19, 2016.
             The game lasted 03:47:46 (74125 turns).

lorenzova the Crack Shot (Centaur Hunter)          Turns: 74125, Time: 03:47:47

Health: -14/201    AC: 39    Str: 19    XL:     23   Next: 6%
Magic:  34/34      EV: 12    Int: 10    God:    Okawaru [******]
Gold:   874        SH:  5    Dex: 21    Spells: 4 memorised, 30 levels left

rFire  + . .     SeeInvis +     l - +5 longbow (flame)
rCold  . . .     Gourm    .     g - +1 chain mail "Jiqaj" {rElec rF+ MR+}
rNeg   + . .     Faith    .     (shield currently unavailable)
rPois  +         Spirit   .     v - +1 hat {SInv}
rElec  +         Reflect  +     D - +2 cloak {rPois}
rCorr  .         Harm     .     x - +1 pair of gloves
MR     +++..                    G - +10 Black Knight's horse barding {ponderous, rPois rN+}
Stlth  ..........               j - +5 amulet of reflection
                                d - ring of Ecvohoos {MR+ Dex+3}
                                R - +4 ring of protection

@: repel missiles, quick
A: hooves 3, deformed body, speed 2, strong 1, tough skin 3
a: Heroism, Finesse, Renounce Religion
}: 2/15 runes: decaying, serpentine


You were on level 3 of the Vaults.
You worshipped Okawaru.
Okawaru was exalted by your worship.
You were hungry.

You visited 8 branches of the dungeon, and saw 39 of its levels.
You also visited: Ice Cave.

You collected 4362 gold pieces.
You spent 3488 gold pieces at shops.

Inventory:

Hand Weapons
 b - the +3 triple sword of Taxation {venom, Stlth+}
   (Okawaru gifted it to you on level 4 of the Snake Pit)

   It poisons the flesh of those it strikes.
   It makes you more stealthy.
 l - a +5 longbow of flaming (weapon)
 B - the +5 battleaxe "Weittimm" {chop, *Drain rPois rF+ rN+}
   (Okawaru gifted it to you on level 2 of the Vaults)

   It inflicts extra damage upon your enemies.
   It protects you from fire.
   It protects you from poison.
   It protects you from negative energy.
   It causes draining when unequipped.
Missiles
 z - 238 arrows (quivered)
Armour
 g - the +1 chain mail "Jiqaj" (worn) {rElec rF+ MR+}
   (You found it on level 6 of the Lair of Beasts)

   It protects you from fire.
   It insulates you from electricity.
   It affects your resistance to hostile enchantments.
 v - a +1 hat of see invisible (worn)
 x - a +1 pair of gloves (worn)
 D - a +2 cloak of poison resistance (worn)
 G - the +10 Black Knight's horse barding (worn) {ponderous, rPois rN+}
   (You acquired it on level 1 of the Lair of Beasts)

   It protects you from poison.
   It protects you from negative energy.
 T - a +1 centaur barding of flying
Jewellery
 d - the ring of Ecvohoos (right hand) {MR+ Dex+3}
   (You found it on level 6 of the Lair of Beasts)

   [ring of protection from magic]

   It affects your dexterity (+3).
   It affects your resistance to hostile enchantments.
 j - a +5 amulet of reflection (around neck)
 R - a +4 ring of protection (left hand)
Wands
 q - a wand of digging (6/24)
 s - a wand of teleportation (3/9)
 t - a wand of teleportation (3/9)
 K - a wand of heal wounds (4/9)
 W - a wand of disintegration (17/24)
Scrolls
 a - a scroll of holy word {unknown}
 h - 5 scrolls of enchant armour
 m - 3 scrolls of blinking
 n - 5 scrolls of amnesia
 p - 19 scrolls of remove curse
 r - a scroll of silence {unknown}
 u - a scroll of enchant weapon
 w - 7 scrolls of magic mapping
 y - 7 scrolls of fog
 C - a scroll of identify
Potions
 e - a potion of flight
 i - 4 potions of heal wounds
 o - a potion of invisibility
 E - 9 potions of agility
 F - 9 potions of might
 I - 3 potions of haste
 L - 3 potions of resistance
 N - 4 potions of berserk rage
 O - 2 potions of ambrosia
 Q - 6 potions of curing
 Y - 2 potions of cancellation
Books
 k - a book of Annihilations

   Spells                             Type                      Level
   a - Poison Arrow                   Conjuration/Poison           6
   b - Chain Lightning                Conjuration/Air              8
   c - Lehudib's Crystal Spear        Conjuration/Earth            8
   d - Glaciate                       Conjuration/Ice              9
   e - Fire Storm                     Conjuration/Fire             9
 A - a book of Clouds

   Spells                             Type                      Level
   a - Mephitic Cloud                 Conjuration/Poison/Air       3
   b - Conjure Flame                  Conjuration/Fire             3
   c - Poisonous Cloud                Conjuration/Poison/Air       6
   d - Freezing Cloud                 Conjuration/Ice/Air          6
   e - Ring of Flames                 Charms/Fire                  7
Miscellaneous
 c - a lamp of fire
Comestibles
 f - 13 bread rations
 J - a beef jerky


   Skills:
 + Level 15.6 Fighting
 - Level 8.8 Long Blades
 + Level 21.6 Bows
 * Level 12.3 Armour
 * Level 13.1 Dodging
 - Level 0.4 Stealth
 + Level 7.4 Spellcasting
 + Level 9.6 Charms
 - Level 11.0 Translocations
 + Level 9.7 Air Magic
 - Level 9.1 Invocations
 - Level 10.1 Evocations


You had 30 spell levels left.
You knew the following spells:

 Your Spells              Type           Power        Failure   Level  Hunger
a - Apportation           Tloc           ####......   1%          1    None
b - Blink                 Tloc           N/A          1%          2    ##.....
c - Repel Missiles        Chrm/Air       ###...       3%          2    ##.....
d - Corona                Hex            #......      96%         1    None


Dungeon Overview and Level Annotations

Branches:
Dungeon (15/15)            Temple (0/1) D:6            Lair (6/6) D:8
  Swamp (4/4) Lair:2        Snake (4/4) Lair:4        Slime (0/5) Lair:6
    Orc (2/2) D:12            Elf (2/3) Orc:2        Vaults (3/5) D:14
 Depths (3/5) D:15
  Crypt: Vaults:2-3

Altars:
Ashenzari
Fedhas
Gozag
Kikubaaqudgha
Makhleb
Okawaru
Qazlal
Uskayaw
Xom
Beogh

Shops:
D:4 (   D:5 (   D:13 [   D:14 (   Orc:2 [*[(   Elf:1 %   Elf:2 }   Snake:1 (}(
Snake:2 **   Snake:3 !   Vaults:1 *   Vaults:2 (   Depths:2 :

Portals:
Hell: Depths:1 Depths:2
Pandemonium: Depths:1

Annotations:
Vaults:2 Sojobo
Vaults:3 Frederick
Depths:3 Margery


Innate Abilities, Weirdness & Mutations

You have hooves in place of feet.
Armour fits poorly on your strangely shaped body.
You cover ground very quickly.
You have extremely tough skin. (AC +3)
Your muscles are strong. (Str +2)


Message History

You shoot an arrow. The arrow hits Frederick!!
The arrow burns Frederick.
Frederick is almost dead.
The spellforged servitor casts a spell at you.
The iron shot hits you!
* * * LOW HITPOINT WARNING * * *
Unknown command.
Firing (i - inventory):
z - 240 arrows (quivered)
Press: ? - help, Shift-Dir - straight line, f/p - Frederick
Aim: Frederick, wielding a demon trident of electrocution and wearing a plate armour (almost dead)
You shoot an arrow. The arrow closely misses Frederick.
Frederick hits you but does no damage.
Unknown command.
Firing (i - inventory):
z - 239 arrows (quivered)
Press: ? - help, Shift-Dir - straight line, f/p - Frederick
Aim: Frederick, wielding a demon trident of electrocution and wearing a plate armour (almost dead)
You shoot an arrow. The arrow hits Frederick.
The arrow burns Frederick.
Frederick is almost dead.
The spellforged servitor casts a spell at you.
The iron shot hits you!
You die...

§...#...... #. .C..e....#
#( ######### #..<.#
((#.......# #.c..#
)#.....(.# #.###ee
((.....(# #. .. #)....).#
# . #.......# / #@))....#
#..#.8<(...#
#..#@)[)...#..#
#..#((((...#..#
#..#(#######..# ####
#...((..(}....# ....
#.............# .. ##
>....#...(...E.....# ....
.#
.....#((((§.E.E.(..#...(8


You could see Frederick and a spellforged servitor.

Vanquished Creatures
  Bai Suzhen (Swamp:3)
  Nikola (Elf:2)
  A lich (Depths:2)
  Jorgrun (Snake:3)
  Asterion (Depths:1)
  A tentacled monstrosity (Vaults:1)
  2 sphinxes
  Gastronok (D:9)
  2 tengu reavers (Vaults:3)
  Kirke (Lair:4)
  A thorn hunter (Swamp:2)
  9 nagarajas
  Roxanne (Swamp:3)
  5 frost giants
  A fire giant (Depths:1)
  Donald (Snake:2)
  An orc warlord (Orc:2)
  5 vault wardens
  A ghoul (Swamp:2)
  Louise (Swamp:3)
  A deep elf sorcerer (Elf:2)
  11 very ugly things
  8 ironheart preservers
  10 stone giants
  A vampire knight (Depths:1)
  Nessos (D:13)
  A deep elf annihilator (Elf:1)
  A lorocyproca (Depths:1)
  2 deep elf demonologists
  4 spark wasps (Depths:1)
  8 ettins
  A deep elf death mage (Vaults:3)
  2 merfolk impalers (Depths:1)
  10 fire dragons
  A deep elf high priest (Elf:2)
  5 ice dragons
  3 yaktaur captains
  4 great orbs of eyes
  7 vault guards
  15 hydras
  28 naga warriors
  A spriggan air mage (Depths:2)
  Fannar (D:10)
  4 rakshasas
  4 death knights
  26 anacondas
  4 centaur warriors
  6 ogre magi
  A satyr (shapeshifter) (Depths:1)
  20 dancing weapons
  2 alligators (Swamp:3)
  9 deep troll earth magi
  5 deep troll shamans
  2 spriggan berserkers
  A shock serpent (shapeshifter) (Vaults:1)
  6 tengu warriors
  12 naga sharpshooters
  10 shock serpents
  A soul eater (Depths:1)
  3 orc high priests
  16 deep elf knights
  A sun demon (Depths:2)
  8 salamander mystics
  11 hell knights
  A fire crab (shapeshifter) (Depths:2)
  6 iron trolls
  2 fire crabs (Swamp:4)
  2 skeletal warriors (Vaults:2)
  A shadow wraith (D:14)
  A sea snake (shapeshifter) (D:15)
  12 unseen horrors
  An infernal demonspawn (Depths:1)
  32 deep trolls
  5 shambling mangroves
  8 swamp dragons
  6 spriggan druids
  9 ironbrand convokers
  5 lindwurms
  The ghost of Philosophy the Skirmisher, a novice HOFi (D:6)
  A sphinx zombie (Vaults:2)
  14 deep elf archers
  2 wizards
  8 hill giants
  4 glowing orange brains
  6 orc knights
  10 naga ritualists
  A flayed ghost (Vaults:2)
  A phantasmal warrior (Vaults:2)
  5 necromancers
  A tengu zombie (Vaults:2)
  61 ugly things
  Pikel (D:9)
  5 harpies (Vaults:2)
  An oklob plant (Lair:4)
  A manticore (shapeshifter) (D:15)
  23 salamanders
  22 mana vipers
  2 orc sorcerers
  A tengu skeleton (Vaults:2)
  2 wolf spiders
  48 deep elf magi
  2 manticores
  7 cyclopes
  A salamander (shapeshifter) (Vaults:1)
  Maurice (D:9)
  55 black mambas
  4 elephants (Lair:6)
  11 guardian serpents
  2 ice statues
  6 torpor snails (Lair:6)
  Psyche (D:8)
  13 vault sentinels
  25 naga magi
  An orange demon (Depths:2)
  12 spiny frogs
  A gargoyle (D:14)
  3 rime drakes
  14 freezing wraiths
  2 kobold demonologists (D:14)
  2 efreet (D:14)
  32 yaktaurs
  4 komodo dragons
  2 ice devils (Lair:5)
  A troll (shapeshifter) (Vaults:1)
  8 tyrant leeches
  A harpy zombie (D:13)
  6 tengu conjurers
  20 hornets
  5 trolls
  A wind drake (shapeshifter) (D:15)
  A jumping spider (shapeshifter) (Vaults:2)
  3 polar bears
  3 meliai (D:14)
  13 two-headed ogres
  12 bog bodies
  A wolf spider simulacrum (IceCv)
  Prince Ribbit (Lair:1)
  2 blink frogs (Lair:1)
  37 slime creatures
  10 dream sheep
  11 hippogriffs
  A hippogriff (shapeshifter) (Vaults:2)
  A meliai zombie (D:14)
  5 spriggans
  35 yaks
  3 shadows
  4 air elementals
  A wraith (Vaults:2)
  4 hogs (Lair:4)
  2 wyverns
  2 hill giant zombies (D:12)
  7 water elementals
  A hog (shapeshifter) (Elf:2)
  3 fire bats (Swamp:4)
  6 basilisks
  A human (shapeshifter) (Elf:1)
  A chaos spawn (Depths:1)
  3 steam dragons (Lair:6)
  4 hungry ghosts
  4 vampire mosquitoes (Swamp:3)
  8 mottled dragons
  8 wargs
  A deep troll zombie (Vaults:2)
  56 nagas
  13 insubstantial wisps
  11 water moccasins
  23 swamp worms
  13 porcupines
  4 black bears
  9 swamp drakes
  An alligator simulacrum (IceCv)
  14 ice beasts
  35 orc warriors
  2 phantoms
  2 sky beasts (D:11)
  9 necrophages
  41 ogres
  14 wolves
  2 human skeletons (Vaults:2)
  17 crocodiles
  16 centaurs
  3 big kobolds
  An elf skeleton (Vaults:2)
  25 bullfrogs
  2 earth elementals (Elf:1)
  A gnoll sergeant (D:10)
  A wyvern skeleton (D:14)
  6 scorpions (D:4)
  11 killer bees
  An elephant simulacrum (IceCv)
  10 wights
  4 electric eels (Lair:2)
  A howler monkey (D:7)
  11 draconian simulacra (IceCv)
  A lava snake (Snake:4)
  6 crimson imps
  2 quasits
  6 jellies
  A yaktaur simulacrum (Vaults:1)
  2 centaur zombies
  21 orc priests
  A bullfrog zombie (D:7)
  A bullfrog skeleton (D:12)
  13 hounds
  6 centaur skeletons
  6 iguanas
  29 orc wizards
  2 troll simulacra (IceCv)
  11 worker ants
  2 spriggan simulacra (IceCv)
  A wolf simulacrum (IceCv)
  6 ogre zombies
  A centaur simulacrum (IceCv)
  3 hound zombies
  2 worker ant zombies
  2 howler monkey skeletons
  A howler monkey zombie (D:9)
  14 adders
  12 gnolls
  3 naga simulacra (IceCv)
  An ogre simulacrum (IceCv)
  A shadow imp (D:10)
  15 white imps
  2 oozes
  An adder skeleton (D:10)
  An adder zombie (D:7)
  4 worms
  5 leopard geckos
  111 orcs
  9 bats
  A bat zombie (D:8)
  4 giant cockroaches
  8 goblins
  7 hobgoblins
  13 jackals
  A quokka (D:3)
  A ball python (D:7)
  6 frilled lizards
  3 goblin zombies (D:12)
  2 hobgoblin skeletons (D:12)
  7 hobgoblin zombies (D:12)
  24 kobolds
  3 leopard gecko skeletons
  3 orc skeletons (D:12)
  10 orc zombies (D:12)
  A quokka skeleton (D:8)
  11 rats
  A rat zombie (D:8)
  2 bushes (D:9)
  A plant (Lair:6)
1843 creatures vanquished.

Vanquished Creatures (others)
  A fire giant (Depths:2)
  A vault warden (Vaults:2)
  A yaktaur captain (Vaults:2)
  A hydra (Swamp:4)
  A deep elf archer (Elf:1)
  A lindwurm (Swamp:4)
  A cyclops (D:12)
  An ugly thing (Depths:1)
  3 yaktaurs
  A steam dragon (Swamp:4)
  A mottled dragon (Swamp:4)
  A naga (Snake:4)
  6 swamp drakes (Swamp:4)
  An orc warrior (Orc:2)
  4 slaves (D:9)
  A centaur (Vaults:3)
  A crimson imp (Depths:3)
  An adder (D:9)
  A howler monkey skeleton (D:9)
  An orc (D:9)
  2 bushes
  12 fungi
  30 plants
  5 toadstools (Swamp:2)
79 creatures vanquished.

Grand Total: 1922 creatures vanquished

Notes
Turn   | Place    | Note
-------+----------+-------------------------------------------
     0 | D:1      | lorenzova the Centaur Hunter began the quest for the Orb.
     0 | D:1      | Reached XP level 1. HP: 17/17 MP: 1/1
   104 | D:1      | Reached XP level 2. HP: 24/24 MP: 2/2
   169 | D:1      | Reached skill level 1 in Armour
   661 | D:1      | Reached XP level 3. HP: 13/29 MP: 3/3
  2146 | D:2      | Reached XP level 4. HP: 36/36 MP: 4/4
  2396 | D:3      | Found a shimmering altar of Xom.
  2483 | D:3      | Found an iron altar of Okawaru.
  2483 | D:3      | Found a faded altar of an unknown god.
  2488 | D:3      | Found a faded altar of an unknown god.
  2491 | D:3      | Found a faded altar of an unknown god.
  2495 | D:3      | Found a faded altar of an unknown god.
  2508 | D:3      | Became a worshipper of Warmaster Okawaru
  2811 | D:3      | Reached skill level 6 in Bows
  2881 | D:3      | Reached XP level 5. HP: 31/42 MP: 5/5
  3113 | D:4      | Reached XP level 6. HP: 36/51 MP: 6/6
  3309 | D:4      | Reached * piety under Okawaru
  3486 | D:4      | Reached XP level 7. HP: 15/57 MP: 7/7
  3511 | D:4      | Found Fimolu's Antique Weapon Boutique.
  3516 | D:4      | Bought a glowing shortbow for 198 gold pieces
  3735 | D:4      | Reached ** piety under Okawaru
  3735 | D:4      | Reached skill level 7 in Bows
  4199 | D:5      | Entered Level 5 of the Dungeon
  4199 | D:5      | Found a shattered altar of Ashenzari.
  4345 | D:5      | Found a stormy altar of Qazlal.
  4427 | D:5      | Found Giruin's Antique Weapon Emporium.
  4435 | D:5      | Got a dazzling chain mail
  4459 | D:5      | Identified the +0 chain mail of Gluttony {MR+ rCorr Int+2} (You found it on level 5 of the Dungeon)
  4587 | D:5      | Reached XP level 8. HP: 34/67 MP: 8/8
  4855 | D:6      | Found a staircase to the Ecumenical Temple.
  4858 | D:6      | Reached skill level 5 in Armour
  4877 | D:6      | Reached *** piety under Okawaru
  4893 | D:6      | Noticed Philosophy's ghost (novice HOFi)
  4944 | D:6      | Killed Philosophy's ghost
  4944 | D:6      | Reached skill level 5 in Fighting
  4944 | D:6      | Reached skill level 8 in Bows
  5036 | D:6      | Found a burning altar of Makhleb.
  5118 | D:6      | Reached **** piety under Okawaru
  5118 | D:6      | Reached XP level 9. HP: 59/74 MP: 9/9
  5932 | D:7      | Reached skill level 9 in Bows
  6302 | D:7      | Found a burning altar of Makhleb.
  6611 | D:8      | Found a hide-covered altar of Uskayaw.
  6706 | D:8      | Found a staircase to the Lair.
  6743 | D:8      | Noticed Psyche
  6748 | D:8      | Killed Psyche
  7133 | D:8      | Found an ancient bone altar of Kikubaaqudgha.
  7312 | D:8      | Reached XP level 10. HP: 59/84 MP: 10/10
  7392 | D:9      | Noticed Pikel
  7410 | D:9      | Killed Pikel
  7410 | D:9      | Reached ***** piety under Okawaru
  7410 | D:9      | Received a gift from Okawaru
  7410 | D:9      | Reached skill level 10 in Bows
  7410 | D:9      | Reached skill level 5 in Dodging
  7881 | D:9      | Noticed Maurice
  7901 | D:9      | Killed Maurice
  8166 | D:9      | Noticed Gastronok
  8245 | D:9      | Killed Gastronok
  8245 | D:9      | Received a gift from Okawaru
  8312 | D:9      | Found a blossoming altar of Fedhas.
  8481 | D:9      | Reached skill level 11 in Bows
  8506 | D:9      | Reached XP level 11. HP: 93/93 MP: 11/11
  8748 | D:10     | Entered Level 10 of the Dungeon
  8781 | D:10     | Noticed a hill giant
  8805 | D:10     | Killed a hill giant
  8805 | D:10     | Received a gift from Okawaru
  8926 | D:10     | Noticed a six-headed hydra
  8938 | D:10     | Killed a six-headed hydra
  8986 | D:10     | You fall through a shaft for 2 floors!
  9309 | D:10     | Received a gift from Okawaru
  9338 | D:10     | Noticed a six-headed hydra
  9355 | D:10     | Killed a six-headed hydra
  9355 | D:10     | Reached ****** piety under Okawaru
  9626 | D:10     | You fall through a shaft for 2 floors!
  9710 | D:12     | Received a gift from Okawaru
 10150 | D:10     | Noticed Fannar
 10748 | D:10     | Killed Fannar
 11211 | D:11     | Reached skill level 12 in Bows
 11218 | D:11     | Received a gift from Okawaru
 12146 | D:8      | Upgraded the game from 0.19.0-20-gbc5f0c6 to 0.19.0-22-gd96e5fe
 12148 | Lair:1   | Entered Level 1 of the Lair of Beasts
 12738 | Lair:1   | Reached XP level 12. HP: 92/103 MP: 12/12
 12859 | Lair:1   | Noticed a six-headed hydra
 12879 | Lair:1   | Killed a six-headed hydra
 13035 | Lair:1   | Reached skill level 10 in Armour
 13191 | Lair:1   | Noticed Prince Ribbit
 13198 | Lair:1   | Killed Prince Ribbit
 13670 | Lair:2   | Found a staircase to the Swamp.
 13873 | Lair:2   | Noticed a six-headed hydra
 13897 | Lair:2   | Killed a six-headed hydra
 14251 | Lair:2   | Learned a level 1 spell: Apportation
 14318 | Lair:2   | Found a shimmering altar of Xom.
 14868 | Lair:3   | Noticed a six-headed hydra
 14887 | Lair:3   | Killed a six-headed hydra
 14887 | Lair:3   | Reached skill level 13 in Bows
 14950 | Lair:3   | Received a gift from Okawaru
 15847 | Lair:4   | Reached skill level 10 in Fighting
 16509 | Lair:4   | Noticed Kirke
 16887 | Lair:4   | Killed Kirke
 16887 | Lair:4   | Reached XP level 13. HP: 106/113 MP: 13/13
 16940 | Lair:4   | Found a staircase to the Snake Pit.
 16945 | Lair:4   | Reached skill level 14 in Bows
 17007 | Lair:4   | Received a gift from Okawaru
 17203 | Lair:4   | Got a faintly humming helmet
 17300 | Lair:4   | Identified the -2 helmet of Mysticism {+Blink MR- Stlth+} (You found it on level 4 of the Lair of Beasts)
 17718 | Lair:4   | Received a gift from Okawaru
 18553 | Lair:5   | Found a frozen archway.
 18673 | IceCv    | Entered an ice cave
 19941 | IceCv    | Found an ancient bone altar of Kikubaaqudgha.
 20207 | IceCv    | Reached skill level 10 in Dodging
 21703 | Lair:6   | Entered Level 6 of the Lair of Beasts
 21745 | Lair:6   | Got a scintillating wooden ring
 21750 | Lair:6   | Identified the ring of Ecvohoos {MR+ Dex+3} (You found it on level 6 of the Lair of Beasts)
 21961 | Lair:6   | Reached skill level 15 in Bows
 22082 | Lair:6   | Found a staircase to the Slime Pits.
 22256 | Lair:6   | Found a runed door.
 22296 | Lair:6   | Reached skill level 1 in Spellcasting
 22402 | Lair:6   | Received a gift from Okawaru
 22995 | Lair:6   | Noticed a fire dragon
 23266 | Lair:6   | Killed a fire dragon
 23266 | Lair:6   | Reached XP level 14. HP: 66/124 MP: 15/17
 23628 | Lair:6   | Received a gift from Okawaru
 23738 | Lair:6   | Paralysed by a hornet for 3 turns
 23818 | Lair:6   | Received a gift from Okawaru
 24994 | Lair:6   | Got an encrusted chain mail
 25005 | Lair:6   | Identified the +1 chain mail "Jiqaj" {rElec rF+ MR+} (You found it on level 6 of the Lair of Beasts)
 25705 | D:12     | Found a staircase to the Orcish Mines.
 26522 | D:12     | Received a gift from Okawaru
 26756 | Lair:1   | Reached XP level 15. HP: 132/132 MP: 22/22
 26757 | Lair:1   | Reached XP level 16. HP: 139/139 MP: 23/23
 26896 | D:13     | Noticed Nessos
 27029 | D:13     | Killed Nessos
 27127 | D:13     | Reached skill level 5 in Spellcasting
 27219 | D:13     | Found Nisuxt's Armour Boutique.
 27860 | D:14     | Found Cosyukke's Weapon Shop.
 28127 | D:14     | Reached skill level 16 in Bows
 28835 | D:14     | Received a gift from Okawaru
 29095 | D:14     | Found a gate to the Vaults.
 29195 | D:15     | Entered Level 15 of the Dungeon
 29938 | Lair:1   | Identified a scroll of acquirement
 30116 | Orc:1    | Entered Level 1 of the Orcish Mines
 30217 | Orc:1    | Found a roughly hewn altar of Beogh.
 30438 | Orc:1    | Reached skill level 1 in Translocations
 30529 | Orc:2    | Entered Level 2 of the Orcish Mines
 30532 | Orc:2    | Found a roughly hewn altar of Beogh.
 30620 | Orc:2    | Found a roughly hewn altar of Beogh.
 30634 | Orc:2    | Found Sanairr's Assorted Antiques.
 30674 | Orc:2    | Found a dark tunnel.
 30723 | Orc:2    | Bought a scroll of teleportation for 99 gold pieces
 30723 | Orc:2    | Bought a scroll of identify for 66 gold pieces
 30723 | Orc:2    | Bought a potion of curing for 99 gold pieces
 30723 | Orc:2    | Bought a lumpy coppery potion for 29 gold pieces
 30723 | Orc:2    | Bought a cyan potion for 29 gold pieces
 30725 | Orc:2    | Gained mutation: Your muscles are strong. (Str +2) [potion of beneficial mutation]
 30780 | Orc:2    | Found a roughly hewn altar of Beogh.
 30789 | Orc:2    | Found Utekk's Armour Shop.
 30830 | Orc:2    | Found a staircase to the Elven Halls.
 31511 | Orc:2    | Received a gift from Okawaru
 31821 | Orc:2    | Found a roughly hewn altar of Beogh.
 31886 | Orc:2    | Reached XP level 17. HP: 148/148 MP: 27/27
 31926 | Orc:2    | Found Joler's Antique Weapon Boutique.
 31927 | Orc:2    | Found a roughly hewn altar of Beogh.
 31936 | Orc:2    | Found Jarrunaq's Antique Armour Shop.
 32024 | Orc:2    | Found a roughly hewn altar of Beogh.
 32204 | Orc:2    | Found a roughly hewn altar of Beogh.
 32651 | Snake:1  | Entered Level 1 of the Snake Pit
 33164 | Snake:1  | Reached skill level 1 in Evocations
 34351 | Snake:1  | Reached skill level 5 in Translocations
 34599 | Snake:1  | Found Ameq's Weapon Emporium.
 34602 | Snake:1  | Found Xeisekh's Gadget Shoppe.
 34604 | Snake:1  | Found Wusm's Antique Weapon Emporium.
 34610 | Snake:1  | Bought a wand of teleportation (2/9) for 342 gold pieces
 35619 | Snake:2  | Reached skill level 17 in Bows
 35663 | Snake:2  | Found Bana's General Store.
 35668 | Snake:2  | Bought a scroll of teleportation for 39 gold pieces
 35668 | Snake:2  | Found Cutotirgh's General Store.
 35720 | Snake:2  | Received a gift from Okawaru
 36142 | Snake:2  | Received a gift from Okawaru
 36207 | Snake:2  | Noticed Donald
 36371 | Snake:2  | Killed Donald
 36535 | Snake:2  | Received a gift from Okawaru
 36868 | Snake:2  | Reached skill level 5 in Evocations
 38199 | Snake:3  | Found a shimmering altar of Xom.
 38468 | Snake:3  | Received a gift from Okawaru
 38545 | Snake:3  | Found Kyvoshen's Distillery.
 38926 | Snake:3  | Reached XP level 18. HP: 141/158 MP: 29/29
 39439 | Snake:4  | Entered Level 4 of the Snake Pit
 39749 | Snake:4  | Noticed Jorgrun
 40719 | Snake:4  | Found an opulent altar of Gozag.
 41346 | Snake:4  | Reached skill level 18 in Bows
 41449 | Snake:4  | Received a gift from Okawaru
 41906 | Snake:3  | Killed Jorgrun
 43503 | Snake:4  | Reached skill level 10 in Translocations
 44438 | Snake:4  | Received a gift from Okawaru
 44441 | Snake:4  | Got a slimy triple sword {god gift}
 44463 | Snake:4  | Identified the +3 triple sword of Taxation {venom, Stlth+} (Okawaru gifted it to you on level 4 of the Snake Pit)
 45100 | Snake:4  | Reached XP level 19. HP: 168/168 MP: 30/30
 45384 | Snake:4  | Reached skill level 10 in Evocations
 45443 | Snake:4  | Received a gift from Okawaru
 45680 | Snake:4  | Got a serpentine rune of Zot
 46080 | Swamp:1  | Entered Level 1 of the Swamp
 47823 | Swamp:2  | Reached skill level 19 in Bows
 48210 | Orc:2    | Bought steaming storm dragon scales for 2380 gold pieces
 48221 | Orc:2    | Identified the +3 storm dragon scales of Xagot {rElec Int+2} (You bought it in a shop on level 2 of the Orcish Mines)
 48520 | Swamp:3  | Noticed Louise
 49126 | Swamp:3  | Noticed Roxanne
 49150 | Swamp:3  | Killed Roxanne
 49290 | Swamp:3  | Killed Louise
 49373 | Swamp:3  | Paralysed by a hornet for 1 turns
 49781 | Swamp:3  | Noticed Bai Suzhen
 49805 | Swamp:3  | Killed Bai Suzhen
 50500 | Swamp:4  | Entered Level 4 of the Swamp
 50508 | Swamp:4  | Got a faintly humming leather armour
 50527 | Swamp:4  | Identified the +5 leather armour of the Snake Pit {rElec} (You found it on level 4 of the Swamp)
 50814 | Swamp:4  | Reached skill level 1 in Long Blades
 50825 | Swamp:4  | Received a gift from Okawaru
 50837 | Swamp:4  | Reached skill level 15 in Fighting
 51860 | Swamp:4  | Got a decaying rune of Zot
 52291 | Elf:1    | Entered Level 1 of the Elven Halls
 52502 | Elf:1    | Reached skill level 1 in Invocations
 52521 | Elf:1    | Received a gift from Okawaru
 52868 | Elf:1    | Identified Etzouq's Collected Works on Attacks
 53220 | Elf:1    | Reached XP level 20. HP: 150/178 MP: 31/31
 53453 | Elf:1    | Received a gift from Okawaru
 53822 | Elf:1    | Found Sicvaz's Food Boutique.
 54328 | Elf:2    | Received a gift from Okawaru
 54762 | Elf:2    | Found a runed gate.
 54762 | Elf:2    | Found a runed gate.
 54762 | Elf:2    | Found a runed gate.
 54835 | Elf:2    | Found Cuargh's Gadget Shop.
 55384 | Elf:2    | Reached skill level 5 in Long Blades
 56623 | Snake:1  | Bought 23 arrows for 59 gold pieces
 56623 | Snake:1  | Bought 26 arrows for 67 gold pieces
 56666 | Snake:2  | Bought 17 arrows for 47 gold pieces
 57047 | Elf:2    | Reached skill level 5 in Invocations
 57132 | Elf:2    | Noticed Nikola
 57143 | Elf:2    | Killed Nikola
 58021 | Lair:1   | Learned a level 2 spell: Blink
 58024 | Lair:1   | Learned a level 2 spell: Repel Missiles
 58549 | D:15     | Reached skill level 1 in Charms
 58562 | D:15     | Reached skill level 1 in Air Magic
 58619 | D:15     | Found a staircase to the Depths.
 58785 | D:15     | Received a gift from Okawaru
 58889 | D:15     | Reached skill level 20 in Bows
 59623 | Depths:1 | Entered Level 1 of the Depths
 59658 | Depths:1 | Received a gift from Okawaru
 60225 | Depths:1 | Found a gateway to Hell.
 60326 | Depths:1 | Received a gift from Okawaru
 60564 | Depths:1 | Reached XP level 21. HP: 184/184 MP: 32/32
 60590 | Depths:1 | Received a gift from Okawaru
 60655 | Depths:1 | Reached skill level 5 in Charms
 61049 | Depths:1 | Received a gift from Okawaru
 61135 | Depths:1 | Found a one-way gate leading to the halls of Pandemonium.
 61142 | Depths:1 | Reached skill level 5 in Air Magic
 61725 | Depths:1 | Received a gift from Okawaru
 61728 | Depths:1 | Got an ancient cloak {god gift}
 61739 | Depths:1 | Identified the +1 cloak "Ruzeit" {rElec Str+4 Slay-3} (Okawaru gifted it to you on level 1 of the Depths)
 61753 | Depths:1 | Noticed Asterion
 61783 | Depths:1 | Killed Asterion
 62108 | Depths:2 | Found Avis's Book Shop.
 63983 | Depths:2 | Received a gift from Okawaru
 64098 | Depths:2 | Got a warped centaur barding {god gift}
 64810 | Depths:2 | Identified the +0 centaur barding of Dim Light {Int+2} (Okawaru gifted it to you on level 2 of the Depths)
 65739 | Depths:3 | Noticed Margery
 66193 | Depths:2 | Learned a level 1 spell: Corona
 66389 | Depths:1 | Reached XP level 22. HP: 78/192 MP: 33/33
 66617 | Depths:1 | Reached skill level 21 in Bows
 67011 | Vaults:1 | Entered Level 1 of the Vaults
 68613 | Vaults:1 | Found Umaiqovi's General Store.
 68621 | Vaults:1 | Bought a scroll of identify for 34 gold pieces
 68808 | Vaults:1 | Received a gift from Okawaru
 70020 | Vaults:1 | Received a gift from Okawaru
 71178 | Vaults:2 | Found Giat's Weapon Emporium.
 71563 | Vaults:2 | Received a gift from Okawaru
 72196 | Vaults:2 | Received a gift from Okawaru
 72199 | Vaults:2 | Got a twisted battleaxe {god gift}
 72278 | Vaults:2 | Identified the +5 battleaxe "Weittimm" {chop, *Drain rPois rF+ rN+} (Okawaru gifted it to you on level 2 of the Vaults)
 73024 | Vaults:3 | Noticed Sojobo
 73726 | Vaults:3 | Received a gift from Okawaru
 73884 | Vaults:3 | Reached XP level 23. HP: 123/200 MP: 34/34
 74100 | Vaults:3 | Noticed Frederick
 74125 | Vaults:3 | Killed from afar by a spellforged servitor

Skill      XL: |  1  2  3  4  5  6  7  8  9 10 11 12 13 14 15 16 17 18 19 20 21 22 |
---------------+-------------------------------------------------------------------+-----
Armour         | 1 2 3 4 5 7 8 9 10 11 12 | 12.3
Dodging        | 2 3 4 5 6 8 10 11 12 13 | 13.1
Bows           | 6 7 8 9 11 12 13 15 16 17 18 19 20 21 | 21.6
Fighting       | 3 4 5 6 7 8 10 11 12 13 14 15 | 15.6
Spellcasting   | 2 4 7 |  7.4
Translocations | 2 7 10 11 | 11.0
Evocations     | 6 9 10 | 10.1
Long Blades    | 3 6 8 |  8.8
Invocations    | 2 5 7 9 |  9.1
Charms         | 4 8 9 |  9.6
Air Magic      | 4 8 9 |  9.7
Stealth        | |  0.4

Action                   |  1- 3 |  4- 6 |  7- 9 | 10-12 | 13-15 | 16-18 | 19-21 | 22-24 || total
-------------------------+-------+-------+-------+-------+-------+-------+-------+-------++-------
Melee: Short sword       |   137 |    41 |       |       |       |       |       |       ||   178
       Kick              |    21 |     8 |     8 |   102 |     9 |    11 |    69 |     7 ||   235
       Dagger            |       |     5 |    24 |       |       |       |       |       ||    29
       Long sword        |       |       |     3 |   198 |    14 |       |       |       ||   215
       Great mace        |       |       |       |       |     3 |     4 |       |       ||     7
       Triple sword      |       |       |       |       |       |     9 |   157 |       ||   166
       Whip              |       |       |       |       |       |       |       |    11 ||    11
 Fire: Shortbow          |    22 |   136 |   310 |  1024 |  1251 |   979 |    63 |       ||  3785
       Longbow           |       |       |       |       |     2 |  1606 |  2565 |  1191 ||  5364
 Cast: Apportation       |       |       |       |       |     1 |     1 |     1 |       ||     3
       Blink             |       |       |       |       |       |       |     7 |     1 ||     8
       Repel Missiles    |       |       |       |       |       |       |     2 |     4 ||     6
 Abil: Evoke Blink       |       |       |       |       |       |     3 |       |       ||     3
Evoke: Wand              |       |       |       |       |       |     9 |     9 |     7 ||    25
       Lamp of fire      |       |       |       |       |       |     1 |       |       ||     1
  Use: Scroll            |       |    10 |     3 |    12 |     8 |    17 |    11 |     8 ||    69
       Potion            |       |     1 |       |     1 |     7 |     4 |     2 |       ||    15
  Eat: Chunk             |     3 |     2 |     9 |    19 |    17 |    22 |    19 |    12 ||   103
       Fruit             |       |       |     1 |     2 |     6 |     6 |     8 |     3 ||    26
       Beef jerky        |       |       |       |     2 |     1 |     1 |     3 |       ||     7
       Royal jelly       |       |       |       |       |       |     1 |       |       ||     1
       Bread ration      |       |       |       |       |       |     4 |     2 |       ||     6
       Meat ration       |       |       |       |       |       |       |     2 |     1 ||     3
       Pizza             |       |       |       |       |       |       |     3 |     1 ||     4
Armor: Leather armour    |    44 |       |       |       |       |       |       |       ||    44
       Ring mail         |    22 |    35 |    16 |       |       |       |       |       ||    73
       Chain mail        |       |       |    54 |   162 |   120 |   639 |   766 |   315 ||  2056
       Scale mail        |       |       |       |       |    19 |       |       |       ||    19
Dodge: Dodged            |    63 |    61 |    42 |    77 |    90 |   529 |   544 |   215 ||  1621
       Deflected         |       |       |       |       |       |       |    14 |     8 ||    22
Block: Other             |       |       |       |       |       |   226 |   132 |   101 ||   459
       Reflection        |       |       |       |       |       |    30 |     7 |    21 ||    58
       Rpst.: Long sword |       |       |     5 |     7 |       |       |       |       ||    12
       Triple sword      |       |       |       |       |       |     2 |    28 |       ||    30
